 Dungeon Crawl Stone Soup version 0.31-a0-844-gdc52ec4e09 (webtiles) character file.

Game seed: 11627267657230593392

251 lonewolfV2 the Chopper (level 6, -9/48 HPs)
             Began as a Formicid Fighter on Sept 29, 2023.
             Mangled by an ogre
             ... wielding a +0 giant club
              (24 damage)
             ... on level 4 of the Dungeon.
             The game lasted 00:03:10 (2740 turns).

lonewolfV2 the Chopper (Formicid Fighter)           Turns: 2740, Time: 00:03:11

Health: -9/48      AC:  7    Str: 22    XL:     6   Next: 36%
Magic:  15/15      EV:  9    Int:  8    God:
Gold:   189        SH:  5    Dex: 13    Spells: 5/5 levels left

rFire   . . .        a - +0 war axe
rCold   + . .        c - +0 buckler
rNeg    . . .        b - +0 scale mail
rPois   .            (helmet unavailable)
rElec   .            (no cloak)
rCorr   .            (no gloves)
SInv    +            (no boots)
Will    .....        g - amulet of regeneration Stlth
                     h - ring of magical power
HPRegen 1.08/turn    i - ring of protection from cold
MPRegen 0.14/turn

%: no passive effects
@: mighty
A: permanent stasis, dig shafts and tunnels, antennae 3, four strong arms
a: Dig, Shaft Self


You were on level 4 of the Dungeon.
You visited 1 branch of the dungeon, and saw 4 of its levels.

You collected 189 gold pieces.

Inventory:

Hand Weapons
 a - a +0 war axe (weapon)
Armour
 b - a +0 scale mail (worn)
 c - a +0 buckler (worn)
Jewellery
 g - an amulet of regeneration (around neck)
 h - a ring of magical power (left hand)
 i - a ring of protection from cold (right hand)
 n - an amulet of reflection
Scrolls
 f - 2 scrolls of identify
 j - a scroll of amnesia
 o - a scroll of enchant armour {unknown}
Potions
 d - a potion of might
 e - a potion of invisibility {unknown}
 k - 3 potions of curing
 l - 2 potions of lignification {unknown}
 m - a potion of berserk rage {unknown}
 p - a potion of degeneration {unknown}
 q - a potion of brilliance {unknown}


   Skills:
 + Level 3.9 Fighting
 + Level 4.9 Axes
 + Level 4.0 Armour
 + Level 0.7 Dodging
 + Level 1.0 Stealth
 + Level 4.7 Shields


You had 5 spell levels left.
You didn't know any spells.
Your spell library contained the following spells:

 Spells                   Type           Power      Damage    Failure   Level
 Malign Gateway           Summ/Tloc      0%         N/A       100%        7
 Summon Horrible Things   Summ           0%         N/A       100%        8


Dungeon Overview and Level Annotations

Branches:
Dungeon (4/15)
 Temple: D:4-7

Altars:
Makhleb

Shops:
D:4 (


Innate Abilities, Weirdness & Mutations

You cannot be hasted, slowed, berserked, paralysed or teleported.
You can dig through walls and to a lower floor.
You have a pair of large antennae on your head. (SInv)
Your four strong arms can wield two-handed weapons with a shield.


Message History

You barely miss the iguana.
The iguana is severely wounded.
The iguana bites you but does no damage.
The iguana closely misses you.
You hit the iguana.
You kill the iguana!
Your Armour skill increases to level 4!
You open the door.
There is an open door here.
A goblin comes into view. It is wielding a +0 club.
The goblin shouts!
A goblin is nearby!
A goblin is nearby!
A goblin is nearby!
The goblin hits you with a +0 club.
You slash the goblin!
You kill the goblin!
Things that are here:
a +0 club; a goblin corpse
Things that are here:
a +0 club; a goblin corpse You open the door.
An ogre and a ball python come into view.
The ogre shouts!
The ball python hisses angrily.
Found Satt's Antique Weapon Emporium.
The ogre hits you with a +0 giant club!!
There is an open door, spattered with blood here.
You barely miss the ogre. The ogre hits you with a +0 giant club!
You feel better.
You feel very mighty all of a sudden. You block the ogre's attack.
You slash the ogre!
The ogre is severely wounded.
The ogre hits you with a +0 giant club!
* * * LOW HITPOINT WARNING * * *
You hit the ogre.
The ogre is almost dead.
The ogre hits you with a +0 giant club!!
Ouch! That really hurt!
You die...

#.# #.# ##+## #.# ##.(.##
#.# # ##.....## ###.######
# ##.......## #........#
###.........####.....##.##
..'.........'....)........
###.........####...#.##.##
# ##.......## #@### # #
##.....## ♣O♣ # ##...##
.S. # ##+## ..... ♣..∩..♣
♣.....♣ ♣8...8♣ ♣♣♣♣♣♣♣


You could see an ogre and a ball python.

Vanquished Creatures
  A jelly (D:4)
  Crazy Yiuf (D:2)
  2 iguanas (D:4)
  Robin (D:2)
  5 adders
  A white imp (D:4)
  A worm (D:3)
  4 dart slugs
  5 bats
  6 endoplasms
  A giant cockroach (D:3)
  17 goblins
  8 hobgoblins
  A quokka (D:3)
  2 ball pythons (D:2)
  5 frilled lizards
  2 kobolds
  8 rats
71 creatures vanquished.

Notes
Turn   | Place    | Note
-------+----------+-------------------------------------------
     0 | D:1      | lonewolfV2 the Formicid Fighter began the quest for the
                  | Orb.
     0 | D:1      | Reached XP level 1. HP: 18/18 MP: 1/1
   163 | D:1      | Reached XP level 2. HP: 24/24 MP: 2/2
   783 | D:1      | Reached XP level 3. HP: 27/29 MP: 3/3
  1027 | D:2      | Noticed Robin
  1052 | D:2      | Killed Robin
  1109 | D:2      | Reached XP level 4. HP: 37/37 MP: 4/4
  1575 | D:2      | Found a runed translucent door.
  1576 | D:2      | Noticed Crazy Yiuf
  1582 | D:2      | Killed Crazy Yiuf
  1654 | D:3      | Reached XP level 5. HP: 42/42 MP: 5/5
  2168 | D:3      | Found a burning altar of Makhleb.
  2472 | D:4      | Reached skill level 1 in Stealth
  2472 | D:4      | Reached XP level 6. HP: 48/48 MP: 6/6
  2734 | D:4      | Found Satt's Antique Weapon Emporium.
  2734 | D:4      | Noticed an ogre
  2740 | D:4      | Mangled by an ogre

Illustrated notes

Levels and vault maps discovered:
D:1:      moated_graveyard_arrival, layout_basic, kennysheep_decorative_pillar
D:2:      layout_basic, uniq_crazy_yiuf_cottage, uniq_robin
D:3:      layout_loops_ring, mainiacjoe_overflow_alcove_2, minmay_ruptured
D:4:      layout_loops_corners, kennysheep_small_square, uniq_ijyb

Skill      XL: |  1  2  3  4  5  6 |
---------------+-------------------+-----
Axes           | 3 4 |  4.9
Stealth        | 1 |  1.0
Armour         | 4 |  4.0
Fighting       | |  3.9
Dodging        | |  0.7
Shields        | |  4.7

Action                     |  1- 3 |  4- 6 || total
---------------------------+-------+-------++-------
  Melee: War axe           |    74 |   137 ||   211
    Use: Scroll            |       |     6 ||     6
         Potion            |       |     3 ||     3
 Armour: Scale mail        |    69 |    91 ||   160
  Dodge: Dodged            |    33 |    66 ||    99
  Block: Buckler           |    33 |    38 ||    71

Table legend: (Time is in decaauts)
 A = Elapsed time spent in this place.
 B = Non-inter-level travel time spent in this place.
 C = Inter-level travel time spent in this place.
 D = Time resting spent in this place.
 E = Time spent auto-exploring this place.
 F = Levels seen in this place.
 G = Mean time per level.
                   A        B        C        D        E       F      G
               +--------+--------+--------+--------+--------+-----+--------+
         Total |   2813 |   2714 |     99 |      0 |   2021 |   4 |  703.2 |
       Dungeon |   2813 |   2714 |     99 |      0 |   2021 |   4 |  703.2 |
               +--------+--------+--------+--------+--------+-----+--------+

Top non-repeatable levels by time:
     D:1: 982 daAuts
     D:2: 678 daAuts
     D:3: 636 daAuts
     D:4: 514 daAuts
